 Dungeon Crawl Stone Soup version 0.27-a0-797-g27d10ad80f (webtiles) character file.

Game seed: 732085216075225644

26 polve the Skirmisher (level 2, -2/24 HPs)
             Began as a Demonspawn Abyssal Knight on Mar 27, 2021.
             Was a Follower of Lugonu.
             Slain by an adder (5 damage)
             ... on level 2 of the Dungeon.
             The game lasted 00:00:51 (1497 turns).

polve the Skirmisher (Demonspawn Abyssal Knight)    Turns: 1497, Time: 00:00:51

Health: -2/24      AC:  4    Str: 12    XL:     2   Next: 89%
Magic:  3/3        EV: 11    Int: 13    God:    Lugonu [*.....]
Gold:   13         SH:  0    Dex: 12    Spells: 1/1 levels left

rFire    . . .     SeeInvis .   a - +1 falchion
rCold    + . .     Faith    .   (no shield)
rNeg     . . .     Spirit   .   b - +0 leather armour
rPois    .         Reflect  .   (helmet restricted)
rElec    .         Harm     .   (no cloak)
rCorr    .         Rampage  .   (no gloves)
Will     .....                  f - +0 pair of boots
Stlth    +.........             (no amulet)
HPRegen  0.08/turn              d - ring of protection from cold
MPRegen  0.08/turn              (no ring)

@: lethally poisoned (-2 -> -12)
A: horns 1
a: Renounce Religion, Depart the Abyss


You were on level 2 of the Dungeon.
You worshipped Lugonu.
Lugonu was aware of your devotion.
You visited 1 branch of the dungeon, and saw 2 of its levels.
You visited the Abyss 1 time.

You collected 13 gold pieces.

Inventory:

Hand Weapons
 a - a +1 falchion (weapon)
Armour
 b - a +0 leather armour (worn)
 f - a +0 pair of boots (worn)
 i - a +0 cloak
Jewellery
 d - a ring of protection from cold (left hand)
Scrolls
 c - a scroll of teleportation {unknown}
 e - a scroll of holy word {unknown}
 g - a scroll of fog {unknown}
 h - a scroll of brand weapon {unknown}
 j - a scroll of identify {unknown}
 k - a scroll of amnesia {unknown}


   Skills:
 + Level 3.6 Fighting
 + Level 2.5 Long Blades
 - Level 1.7 Armour
 - Level 0.8 Dodging
 - Level 2.4 Invocations


You had one spell level left.
You didn't know any spells.
Your spell library contained the following spells:

 Spells                   Type           Power      Damage    Failure   Level
 Corpse Rot               Necr/Air       N/A        N/A       52%         2
 Confusing Touch          Hex            0%         N/A       75%         3
 Gell's Gravitas          Tloc           0%         N/A       75%         3
 Stone Arrow              Conj/Erth      0%         3d7       75%         3
 Petrify                  Tmut/Erth      0%         N/A       98%         4
 Metabolic Englaciation   Hex/Ice        0%         N/A       100%        5
 Summon Forest            Summ/Tloc      0%         N/A       100%        5
 Yara's Violent Unravell  Hex/Tmut       0%         3d3       100%        5
 Eringya's Noxious Bog    Tmut/Pois      0%         N/A       100%        6
 Hydra Form               Tmut           0%         N/A       100%        6
 Summon Hydra             Summ           0%         N/A       100%        7


Dungeon Overview and Level Annotations

Branches:
Dungeon (2/15)

Altars:
Cheibriados
Dithmenos
Nemelex Xobeh
Xom
Yredelemnul


Innate Abilities, Weirdness & Mutations

You have a pair of small horns on your head.


Message History

k - a scroll labelled AZOUSU YMU NENG An adder comes into view.
The adder hisses angrily.
An adder comes into view.
You slash the adder!
The adder is heavily wounded.
The adder bites you. x2
You are poisoned.
The adder poisons you!
You miss the adder.
The adder is heavily wounded.
You feel sick. The adder bites you.
You are more poisoned.
The adder poisons you! The adder barely misses you.
You are too injured to fight recklessly!
You are too injured to fight recklessly!
You are too injured to fight recklessly!
You are too injured to fight recklessly!
You are too injured to fight recklessly!
You are too injured to fight recklessly!
You are too injured to fight recklessly!
You are too injured to fight recklessly!
You are too injured to fight recklessly!
You are too injured to fight recklessly!
An adder is nearby!
An adder is nearby!
You miss the adder.
The adder is heavily wounded.
You feel very sick. The adder bites you.
* * * LOW HITPOINT WARNING * * *
You miss the adder. Your headbutt misses the adder.
The adder is heavily wounded.
* * * LOW HITPOINT WARNING * * *
You feel sick.
The adder bites you but does no damage. x2
You aren't carrying any potions.
You hit the adder.
The adder is severely wounded.
You feel sick. The adder bites you.
You die...

......##...#.# #..
..#......##.####.#
................#
##.............## #
##............#..
###..###................
.......................
#..##S#.............#
...#S@................
...........###....#.#...
##....#..### #..###.). #
#.####.## #..# .. ..
#..# ..## . ...## ##
#... #.## #.


You could see 2 adders.

Vanquished Creatures
  4 bats
  3 endoplasms
  A giant cockroach (D:1)
  A hobgoblin (D:2)
  6 jackals (D:1)
  A quokka (D:1)
  A ball python (D:1)
  A frilled lizard (D:1)
  A goblin (D:1)
  4 rats
23 creatures vanquished.

Notes
Turn   | Place    | Note
-------+----------+-------------------------------------------
     0 | Abyss:1  | polve the Demonspawn Abyssal Knight began the quest for the
                  | Orb.
     0 | Abyss:1  | Reached XP level 1. HP: 18/18 MP: 2/2
    38 | Abyss:1  | Noticed a starcursed mass
    71 | Abyss:2  | Noticed a ynoxinul
    72 | D:1      | Escaped the Abyss
   460 | D:1      | Reached * piety under Lugonu
   551 | D:1      | Gained mutation: You have a pair of small horns on your
                  | head. [demonic ancestry]
   551 | D:1      | Reached XP level 2. HP: 24/24 MP: 3/3
  1236 | D:2      | Found a snail-covered altar of Cheibriados.
  1236 | D:2      | Found a basalt altar of Yredelemnul.
  1277 | D:2      | Found a shimmering altar of Xom.
  1280 | D:2      | Found a sparkling altar of Nemelex Xobeh.
  1282 | D:2      | Found a shadowy altar of Dithmenos.
  1497 | D:2      | Slain by an adder

Illustrated notes

Levels and vault maps discovered:
D:1:      giann_horns, layout_loops_ring
D:2:      layout_rooms, lemuel_round_altar, lemuel_doored_altar,
          chequers_temple_overflow_minitemple, minmay_split_cup_small

Skill      XL: |  1 |
---------------+----+-----
Long Blades    | 2 |  2.5
Fighting       | |  3.6
Armour         | |  1.7
Dodging        | |  0.8
Invocations    | |  2.4

Action                   || total
-------------------------++-------
Melee: Falchion          ||    76
       Headbutt          ||     7
Invok: Depart the Abyss  ||     1
 Stab: Sleeping          ||     1
Armor: Leather armour    ||    40
Dodge: Dodged            ||    76
       Rpst.: Falchion   ||    25

Table legend: (Time is in decaauts)
 A = Elapsed time spent in this place.
 B = Non-inter-level travel time spent in this place.
 C = Inter-level travel time spent in this place.
 D = Time resting spent in this place.
 E = Time spent auto-exploring this place.
 F = Levels seen in this place.
 G = Mean time per level.
                   A        B        C        D        E       F      G
               +--------+--------+--------+--------+--------+-----+--------+
         Total |   1513 |   1503 |     10 |      0 |   1295 |   4 |  378.2 |
       Dungeon |   1441 |   1431 |     10 |      0 |   1237 |   2 |  720.5 |
         Abyss |     71 |     71 |      0 |      0 |     58 |   2 |   35.5 |
               +--------+--------+--------+--------+--------+-----+--------+

Top non-repeatable levels by time:
     D:1: 1157 daAuts
     D:2: 283 daAuts
 Abyss:1: 44 daAuts
 Abyss:2: 27 daAuts
